 Dungeon Sprint DCSS version 0.30-a0-347-gf58ed5266c (webtiles) character file.

Game seed: 16648756299425655231

4995915 rocky1 the Conqueror (level 21, 163/163 HPs)
             Began as a Gargoyle Gladiator on Nov 5, 2022.
             Was an Initiate of Gozag.
             Escaped with the Orb
             ... and 3 runes on Nov 7, 2022!
             The game lasted 01:28:56 (12843 turns).

rocky1 the Conqueror (Gargoyle Gladiator)          Turns: 12843, Time: 01:28:56

Health: 163/163    AC: 71    Str: 25    XL:     21   Next: 96%
Magic:  67/67      EV: 17    Int: 17    God:    Gozag
Gold:   6292       SH:  0    Dex: 15    Spells: 47/69 levels left

rFire   + + .      SeeInvis .    a - +8 great mace "Nulion" {speed, rC+}
rCold   + + +      Faith    .    (shield currently unavailable)
rNeg    + . .      Spirit   +    o - +10 gold dragon scales
rPois   ∞          Reflect  .    b - +2 helmet {Int+3}
rElec   +          Harm     .    q - +2 cloak {Stlth+}
rCorr   .          Rampage  +    U - +2 pair of gloves {Str+3}
Will    +....      Rage     9%   k - +2 pair of boots {rampage}
Stlth   .......... NoTele   +    X - amulet "Sooth" {Spirit MP+9 Slay+5}
HPRegen 0.47/turn                R - ring "Coighaf" {Wiz rC+ Slay+6}
MPRegen 0.40/turn                V - ring "Gaeq" {rPois rF+ MP+9 Slay+5}

@: gold aura, flying
A: sickness immunity, AC +16, big wings, negative energy resistance 1,
electricity resistance, torment resistance 1, petrification resistance,
iridescent scales 1, agile 1, berserk 2
0: Orb of Zot
}: 3/3 runes: silver, golden, iron
a: Renounce Religion, Potion Petition, Call Merchant, Bribe Branch


You escaped.
You worshipped Gozag.
Gozag was greatly pleased with you.
You visited 1 branch You collected 70123 gold pieces.
You spent 16276 gold pieces at shops.
You paid 47555 gold pieces to Gozag.

Inventory:

Hand Weapons
 a - the +8 great mace "Nulion" (weapon) {speed, rC+}
   (You bought it in a shop in the Dungeon)

   Attacks with this weapon are significantly faster.
   rC:        It protects you from cold.
 c - the +4 staff of Dispater
   (You took it off Dispater in the Dungeon)

   It can be evoked to hurl damnation at the cost of health and magic, with
   strength depending on Evocations skill.
 d - a +1 eveningstar of holy wrath
 u - the +7 lajatang of Order {silver, rMut}
   (You bought it in a shop in the Dungeon)

   It inflicts extra damage upon those it strikes, and deals substantially
   increased damage to chaotic, mutated and magically transformed beings.
   rMut:      It protects you from mutation.
 w - the +7 great mace of Woe {vorpal, rC+ Str+2 Stlth+}
   (You found it in the Dungeon)

   It inflicts extra damage upon your enemies.
   Str:       It affects your strength (+2).
   rC:        It protects you from cold.
   Stlth:     It makes you more stealthy.
 S - the +7 lajatang "Vuyb" {speed, rPois Str+3}
   (You found it in the Dungeon)

   Attacks with this weapon are significantly faster.
   Str:       It affects your strength (+3).
   rPois:     It protects you from poison.
Missiles
 e - 11 javelins (quivered)
Armour
 b - a +2 helmet of intelligence (worn)
 k - a +2 pair of boots of rampaging (worn)
 o - +10 gold dragon scales (worn)
 q - a +2 cloak of stealth (worn)
 N - the +2 shield of Resistance {rF++ rC++ Will++}
   (You bought it in a shop in the Dungeon)

   rF:        It greatly protects you from fire.
   rC:        It greatly protects you from cold.
   Will:      It greatly increases your willpower.
 U - a +2 pair of gloves of strength (worn)
Jewellery
 p - the ring "Kuloneu" {rPois rCorr Int+6 Dex-2}
   (You found it in the Dungeon)

   [ring of intelligence]

   Int:       It affects your intelligence (+6).
   Dex:       It affects your dexterity (-2).
   rPois:     It protects you from poison.
   rCorr:     It protects you from acid and corrosion.
 r - the ring "Xuenn" {rElec EV+4 Str+3 Int-5 Stlth+}
   (You found it in the Dungeon)

   [ring of evasion]

   EV:        It affects your evasion (+4).
   Str:       It affects your strength (+3).
   Int:       It affects your intelligence (-5).
   rElec:     It insulates you from electricity.
   Stlth:     It makes you more stealthy.
 v - the amulet of the Sky {RegenMP rN+ Str-5 Stlth+}
   (You found it in the Dungeon)

   [amulet of magic regeneration]

   It increases your rate of magic regeneration.
   Str:       It affects your strength (-5).
   rN:        It protects you from negative energy.
   Stlth:     It makes you more stealthy.
 x - the amulet of the Empire {RegenMP rPois Regen+ Dex+3}
   (You found it in the Dungeon)

   [amulet of magic regeneration]

   It increases your rate of magic regeneration.
   Dex:       It affects your dexterity (+3).
   rPois:     It protects you from poison.
   Regen:     It increases your rate of health regeneration.
 E - the ring of Juseh {rPois rF+ Int+6}
   (You found it in the Dungeon)

   [ring of intelligence]

   Int:       It affects your intelligence (+6).
   rF:        It protects you from fire.
   rPois:     It protects you from poison.
 G - the ring of Xextiur {rC- Will++ Str+4 Int+6}
   (You found it in the Dungeon)

   [ring of intelligence]

   Str:       It affects your strength (+4).
   Int:       It affects your intelligence (+6).
   rC:        It makes you vulnerable to cold.
   Will:      It greatly increases your willpower.
 K - the ring of the Everdark {rElec Will+ Int+4}
   (You found it in the Dungeon)

   [ring of willpower]

   Int:       It affects your intelligence (+4).
   rElec:     It insulates you from electricity.
   Will:      It increases your willpower.
 P - the ring of Darkness {rN+ Dex+5}
   (You found it in the Dungeon)

   [ring of positive energy]

   Dex:       It affects your dexterity (+5).
   rN:        It protects you from negative energy.
 R - the ring "Coighaf" (left hand) {Wiz rC+ Slay+6}
   (You found it in the Dungeon)

   [ring of wizardry]

   It improves your spell success rate.
   Slay:      It affects your accuracy & damage with ranged weapons and melee
   (+6).
   rC:        It protects you from cold.
 V - the ring "Gaeq" (right hand) {rPois rF+ MP+9 Slay+5}
   (You found it in the Dungeon)

   [ring of slaying]

   Slay:      It affects your accuracy & damage with ranged weapons and melee
   (+5).
   rF:        It protects you from fire.
   rPois:     It protects you from poison.
   MP:        It affects your magic capacity (+9).
 X - the amulet "Sooth" (around neck) {Spirit MP+9 Slay+5}
   (You found it in the Dungeon)

   [amulet of guardian spirit]

   It causes incoming damage to be divided between your reserves of health and
   magic.
   Slay:      It affects your accuracy & damage with ranged weapons and melee
   (+5).
   MP:        It affects your magic capacity (+9).
Wands
 y - a wand of paralysis (6)
 H - a wand of roots (13)
 O - a wand of light (14)
Scrolls
 m - 5 scrolls of amnesia
 n - a scroll of summoning
 A - a scroll of poison
 D - a scroll of fog
 Q - 4 scrolls of fear
 T - a scroll of blinking
 Z - a scroll of silence
Potions
 f - 18 potions of curing
 g - 12 potions of heal wounds
 h - 8 potions of haste
 i - 11 potions of magic
 j - 7 potions of berserk rage
 l - 3 potions of invisibility
 s - 6 potions of might
 t - 2 potions of resistance
 z - 2 potions of attraction
 C - a potion of cancellation
 F - 4 potions of brilliance
 W - a potion of ambrosia
Miscellaneous
 B - a lightning rod (4/4)
 I - a condenser vane
 J - a phantom mirror
 M - a phantom mirror


   Skills:
 O Level 27 Fighting
 O Level 27 Maces & Flails
 + Level 17.3(24.0) Staves
 - Level 9.9 Ranged Weapons
 - Level 1.7 Throwing
 O Level 27 Armour
 + Level 25.6 Dodging
 + Level 19.1 Unarmed Combat
 + Level 24.6 Spellcasting
 + Level 25.1 Translocations
 + Level 20.4 Transmutations
 + Level 25.6 Fire Magic
 - Level 8.2 Ice Magic
 + Level 24.9 Evocations


You had 47 spell levels left.
You knew the following spells:

 Your Spells              Type           Power      Damage    Failure   Level
a - Frozen Ramparts       Ice            98%        1d15      1%          3
b - Manifold Assault      Tloc           82%        N/A       0%          4
c - Ignition              Fire           41%        3d12      1%          8
d - Dragon Form           Tmut           37%        N/A       1%          7

Your spell library contained the following spells:

 Spells                   Type           Power      Damage    Failure   Level
 Wereblood                Tmut           74%        N/A       0%          2
 Gell's Gravitas          Tloc           82%        N/A       0%          3
 Teleport Other           Tloc           82%        N/A       0%          3
 Foxfire                  Conj/Fire      100%       2x1d9     1%          1
 Freeze                   Ice            100%       1d10      1%          1
 Ensorcelled Hibernation  Hex/Ice        70%        N/A       1%          2
 Ignite Poison            Fire/Tmut/Pois 65%        N/A       1%          3
 Inner Flame              Hex/Fire       59%        N/A       1%          3
 Kindle Blastsparks       Fire/Tloc/Air  100%       2d18      1%          3
 Ozocubu's Armour         Ice            49%        N/A       1%          3
 Portal Projectile        Hex/Tloc       100%       N/A       1%          3
 Spider Form              Tmut/Pois      53%        N/A       1%          3
 Flame Wave               Conj/Fire      59%        2d14      1%          4
 Iskenderun's Mystic Bla  Conj/Tloc      59%        2d12      1%          4
 Petrify                  Tmut/Erth      53%        N/A       1%          4
 Sticky Flame             Conj/Fire      59%        2d7       1%          4
 Fireball                 Conj/Fire      29%        3d13      1%          5
 Summon Forest            Summ/Tloc      29%        N/A       1%          5
 Dispersal                Tloc           41%        N/A       1%          6
 Disjunction              Tloc           41%        N/A       1%          8
 Hailstorm                Conj/Ice       35%        3d9       3%          3
 Starburst                Conj/Fire      29%        6d9       4%          6
 Magic Dart               Conj           80%        1d7       5%          1
 Slow                     Hex            80%        N/A       5%          1
 Poisonous Vapours        Pois/Air       40%        N/A       9%          2
 Searing Ray              Conj           40%        2d5       9%          2
 Dazzling Flash           Conj/Hex       40%        N/A       16%         3
 Mephitic Cloud           Conj/Pois/Air  20%        N/A       16%         3
 Tukima's Dance           Hex            20%        N/A       16%         3
 Metabolic Englaciation   Hex/Ice        17%        N/A       26%         5
 Malign Gateway           Summ/Tloc      29%        N/A       26%         7
 Freezing Cloud           Conj/Ice/Air   15%        6-21      41%         5
 Airstrike                Air            10%        2d(2-18)  45%         4
 Anguish                  Hex/Necr       10%        N/A       45%         4
 Cause Fear               Hex            10%        N/A       45%         4
 Dispel Undead            Necr           20%        3d11      45%         4
 Fulminant Prism          Conj/Hex       10%        3d8       45%         4
 Leda's Liquefaction      Hex/Erth       10%        N/A       45%         4
 Summon Lightning Spire   Summ/Air       20%        N/A       45%         4
 Storm Form               Tmut/Air       26%        N/A       52%         7
 Lee's Rapid Deconstruct  Erth           10%        3d8*      78%         5
 Lightning Bolt           Conj/Air       10%        1d23      78%         5
 Silence                  Hex/Air        10%        N/A       78%         5
 Summon Mana Viper        Hex/Summ       20%        N/A       78%         5
 Ozocubu's Refrigeration  Ice            24%        4d12      80%         7
 Necromutation            Tmut/Necr      26%        N/A       99%         8
 Conjure Ball Lightning   Conj/Air       10%        3x3d6     100%        6
 Summon Cactus Giant      Summ           10%        N/A       100%        6
 Haunt                    Necr/Summ      10%        N/A       100%        7
 Summon Hydra             Summ           10%        N/A       100%        7
 Discord                  Hex            10%        N/A       100%        8
 Lehudib's Crystal Spear  Conj/Erth      10%        10d4      100%        8
 Summon Horrible Things   Summ           10%        N/A       100%        8
 Dragon's Call            Summ           10%        N/A       100%        9
 Sublimation of Blood     Necr           Unusable   N/A       N/A         2
 Statue Form              Tmut/Erth      Unusable   N/A       N/A         6

Dungeon Overview and Level Annotations

Branches:
Dungeon (1/1)

Altars:
Ashenzari
Cheibriados
Dithmenos
Elyvilon
Fedhas
Gozag
Hepliaklqana
Kikubaaqudgha
Makhleb
Nemelex Xobeh
Okawaru
Qazlal
Ru
Sif Muna
Trog
Uskayaw
Vehumet
Wu Jian
Xom
Yredelemnul
Zin
The Shining One
Jiyva
Lugonu

Shops:
D :([:=[(([!!**=(([(!*


Innate Abilities, Weirdness & Mutations

You are immune to sickness and miasma.
Your stone body is resilient. (AC +16)
You are immune to poison.
Your large and strong wings let you fly.
You resist negative energy. (rN+)
You are resistant to electric shocks. (rElec)
You are resistant to unholy torment.
You are immune to petrification.
You are partially covered in iridescent scales. (AC +2)
You are agile. (Dex +4, Str/Int -1)
You have an uncontrollable temper.


Message History

You feel yourself slow down.
You see here a +0 broad axe.
You see here a +0 chain mail.
You reach down and open the huge gate.
There is a huge open gate to the Grid Vault (Hard) here.
A smoke demon comes into view.
The smoke demon gestures at you. Something smites you!
There is a huge open gate to the Grid Vault (Hard) here.
You rampage towards the smoke demon!
A hellwing comes into view.
The smoke demon misses you. x2
The smoke demon hits you but does no damage. x3
The smoke demon closely misses you.
The hellwing gives a chilling moan.
You crush the smoke demon like a grape!!!
You kill the smoke demon!
You see here 36 gold pieces.
You completely miss the hellwing. The hellwing closely misses you.
The hellwing hits you but does no damage.
You bludgeon the hellwing!!
The hellwing is heavily wounded.
You sock the hellwing!
The hellwing is severely wounded.
The hellwing closely misses you.
The hellwing hits you but does no damage.
You thump the hellwing!
The hellwing is almost dead.
The hellwing misses you. x2
You bludgeon the hellwing!!
You kill the hellwing!
You now have 6256 gold pieces (gained 171).
You feel yourself speed up.
You now have 6292 gold pieces (gained 36).
There is an open door to the Entrance Hall (Safe) here.
You recover from your berserk rage.
There is a staircase leading out of the dungeon here.
You can't go down here!
Unknown command.
You have escaped!

##########.##................''..
#...........'................''[.
#'#####'#####......#..#......##..
#.#..#..)..##................##..
#.#.)#####'#####'#####''#########
#.#))#.....##.......##''#########
#.#))#.....##.......##..#........
#.#.[###)####.......##..##......)
#.##'#.....##...@...##..####...#'
#)#........##.......##..#..#####.
#)#........##.......##..#....##.∩
#)###########.......##..'.....#..
#.......#..*##########..).....'..
#...#...#.############..).....#∩∩
#...#...#.#....#..[[##..#....##..
#.##.##.#'#....#..[.##..#..#####.
#...#...#.'....'..).##..####...#'


There were no monsters in sight!

Vanquished Creatures
  Dissolution (D)
  Ignacio (D)
  Lom Lobon (D)
  Mnoleg (D)
  Dispater (D)
  An ancient lich (D)
  Tiamat (D)
  2 orbs of fire (D)
  3 royal mummies (D)
  5 pandemonium lords (D)
  the Lernaean hydra (D)
  Frederick (D)
  A Killer Klown (D)
  3 curse toes (D)
  Xtahua (D)
  A caustic shrike (D)
  A profane servitor (D)
  16 golden dragons (D)
  3 pearl dragons (D)
  Jory (D)
  A bone dragon (D)
  4 Tzitzimimeh (D)
  A Brimstone Fiend (D)
  3 tentacled monstrosities (D)
  An electric golem (D)
  2 Ice Fiends (D)
  6 Hell Sentinels (D)
  26 Orb Guardians (D)
  4 titans (D)
  5 deep elf master archers (D)
  4 liches (D)
  An acid blob (D)
  8 quicksilver dragons (D)
  3 deep elf blademasters (D)
  3 sphinxes (D)
  An Executioner (D)
  22 shadow dragons (D)
  6 storm dragons (D)
  3 nagarajas (D)
  2 azure jellies (D)
  A draconian knight (D)
  3 draconian monks (D)
  5 fire giants (D)
  5 deep elf sorcerers (D)
  5 frost giants (D)
  An emperor scorpion (D)
  4 iron dragons (D)
  5 ghost moths (D)
  5 balrugs (D)
  3 orc warlords (D)
  2 angels (D)
  A draconian shifter (D)
  3 reapers (D)
  4 cacodemons (D)
  A draconian annihilator (D)
  2 draconian stormcallers (D)
  A demonspawn blood saint (D)
  An ophan (D)
  9 stone giants (D)
  An apis (D)
  3 deep elf demonologists (D)
  A lorocyproca (D)
  A vampire knight (D)
  5 black draconians (D)
  A minotaur (D)
  7 white draconians (D)
  A yellow draconian (D)
  A deep elf annihilator (D)
  3 red draconians (D)
  5 blizzard demons (D)
  3 mummy priests (D)
  A merfolk javelineer (D)
  4 deep elf death magi (D)
  10 ettins (D)
  5 green deaths (D)
  A great orb of eyes (D)
  11 fire dragons (D)
  A yaktaur captain (D)
  3 deep elf high priests (D)
  A spriggan air mage (D)
  A vault guard (D)
  10 hydras (D)
  5 ogre magi (D)
  13 ice dragons (D)
  A catoblepas (D)
  4 two-headed ogres (D)
  3 alligator snapping turtles (D)
  An anaconda (D)
  2 iron elementals (D)
  A merfolk avatar (D)
  2 merfolk aquamancers (D)
  2 hell hogs (D)
  A boulder beetle (D)
  2 naga warriors (D)
  A naga sharpshooter (D)
  5 vampire magi (D)
  4 death knights (D)
  4 death yaks (D)
  4 hell knights (D)
  A deep elf knight (D)
  8 sun demons (D)
  A fire crab (D)
  2 shadow wraiths (D)
  5 iron trolls (D)
  A sea snake (D)
  13 deep trolls (D)
  A death drake (D)
  A flayed ghost (D)
  2 lindwurms (D)
  3 wizards (D)
  8 swamp dragons (D)
  A phantasmal warrior (D)
  2 deep elf pyromancers (D)
  A necromancer (D)
  16 orc knights (D)
  2 orc sorcerers (D)
  7 cyclopes (D)
  5 slime creatures (D)
  A guardian serpent (D)
  A moth of wrath (D)
  6 elephants (D)
  A black mamba (D)
  A rust devil (D)
  An eye of devastation (D)
  2 molten gargoyles (D)
  A gargoyle (D)
  A smoke demon (D)
  A cane toad (D)
  2 naga magi (D)
  A hellion (D)
  A rime drake (D)
  2 ice devils (D)
  A komodo dragon (D)
  A yaktaur (D)
  2 freezing wraiths (D)
  A tormentor (D)
  7 trolls (D)
  2 hellwings (D)
  4 merfolk (D)
  A red devil (D)
  A blink frog (D)
  6 dream sheep (D)
  2 spriggans (D)
  Sigmund (D)
  A large abomination (D)
  A shadow (D)
  An air elemental (D)
  4 water elementals (D)
  A steam dragon (D)
  A golden eye (D)
  A basilisk (D)
  A redback (D)
  A warg (D)
  A naga (D)
  2 floating eyes (D)
  4 orc warriors (D)
  2 swamp drakes (D)
  An ice beast (D)
  A black bear (D)
  4 wolves (D)
  2 centaurs (D)
  7 ogres (D)
  A phantom (D)
  A kobold brigand (D)
  An earth elemental (D)
  6 killer bees (D)
  A crimson imp (D)
  A quasit (D)
  An orc priest (D)
  2 iguanas (D)
  2 orc wizards (D)
  2 hell rats (D)
  A small abomination (D)
  2 mummies (D)
  4 river rats (D)
  An ufetubus (D)
  An adder skeleton (D)
  2 worms (D)
  An adder simulacrum (D)
  7 orcs (D)
  3 ball pythons (D)
  A bat skeleton (D)
  2 endoplasms (D)
  A giant cockroach (D)
  A goblin (D)
  2 hobgoblins (D)
  2 jackals (D)
  A quokka (D)
  A bat (D)
  A bat simulacrum (D)
  A frilled lizard (D)
  A rat (D)
569 creatures vanquished.

Vanquished Creatures (others)
  Mennas (D)
  Margery (D)
  An Orb Guardian (D)
  A quicksilver dragon (D)
  A ghost moth (D)
  Louise (D)
  A stone giant (D)
  A jumping spider (D)
  A redback (D)
  9 ball lightnings (D)
18 creatures vanquished.

Grand Total: 587 creatures vanquished

Notes
Turn   | Place    | Note
-------+----------+-------------------------------------------
     0 | D        | rocky1 the Gargoyle Gladiator began the quest for the Orb.
     0 | D        | Reached XP level 1. HP: 12/12 MP: 1/1
    31 | D        | Found a bloodstained altar of Trog.
    31 | D        | Found a shimmering blue altar of Sif Muna.
    31 | D        | Found a viscous altar of Jiyva.
    31 | D        | Found a hazy altar of Hepliaklqana.
    31 | D        | Found an opulent altar of Gozag.
    32 | D        | Found a glowing golden altar of the Shining One.
    32 | D        | Found a glowing silver altar of Zin.
    32 | D        | Found a basalt altar of Yredelemnul.
    32 | D        | Found a shimmering altar of Xom.
    32 | D        | Found an ornate altar of the Wu Jian Council.
    32 | D        | Found a sacrificial altar of Ru.
    32 | D        | Found a stormy altar of Qazlal.
    32 | D        | Found an iron altar of Okawaru.
    32 | D        | Found a sparkling altar of Nemelex Xobeh.
    32 | D        | Found a burning altar of Makhleb.
    32 | D        | Found a blossoming altar of Fedhas.
    32 | D        | Found a white marble altar of Elyvilon.
    32 | D        | Found a shadowy altar of Dithmenos.
    32 | D        | Found a snail-covered altar of Cheibriados.
    35 | D        | Found a corrupted altar of Lugonu.
    35 | D        | Found a radiant altar of Vehumet.
    36 | D        | Found an ancient bone altar of Kikubaaqudgha.
    36 | D        | Found a hide-covered altar of Uskayaw.
    36 | D        | Found a broken altar of Ashenzari.
    45 | D        | Became a worshipper of Gozag Ym Sagoz the Greedy
    87 | D        | Reached skill level 1 in Armour
    87 | D        | Reached XP level 2. HP: 12/19 MP: 2/2
   130 | D        | Noticed a floating eye
   137 | D        | Killed a floating eye
   138 | D        | Reached XP level 3. HP: 27/27 MP: 3/3
   138 | D        | Reached XP level 4. HP: 32/32 MP: 4/4
   138 | D        | Reached XP level 5. HP: 36/36 MP: 5/5
   335 | D        | Noticed a black bear
   365 | D        | Killed a black bear
   366 | D        | Reached skill level 5 in Armour
   366 | D        | Reached XP level 6. HP: 37/44 MP: 6/6
   380 | D        | Reached skill level 5 in Dodging
   547 | D        | Noticed an ice beast
   562 | D        | Killed an ice beast
   671 | D        | Reached XP level 7. HP: 51/51 MP: 7/7
   776 | D        | Noticed a basilisk
   785 | D        | Reached skill level 10 in Fighting
   792 | D        | Killed a basilisk
   793 | D        | Reached skill level 10 in Maces & Flails
   836 | D        | Got the +1 broad axe of Havoc {protect, Int+2}
  1026 | D        | Noticed a spriggan
  1026 | D        | Noticed a molten gargoyle
  1033 | D        | Killed a spriggan
  1034 | D        | Reached XP level 8. HP: 50/60 MP: 8/8
  1038 | D        | Killed a molten gargoyle
  1058 | D        | Noticed a hellwing
  1058 | D        | Noticed a rime drake
  1059 | D        | Noticed a freezing wraith
  1059 | D        | Noticed a gargoyle
  1070 | D        | Killed a freezing wraith
  1075 | D        | Killed a rime drake
  1076 | D        | Reached XP level 9. HP: 41/67 MP: 9/9
  1092 | D        | Killed a hellwing
  1103 | D        | Killed a gargoyle
  1272 | D        | Noticed a red devil
  1285 | D        | Noticed a fire crab
  1292 | D        | Killed a red devil
  1299 | D        | Killed a fire crab
  1300 | D        | Reached skill level 10 in Armour
  1310 | D        | Reached XP level 10. HP: 57/76 MP: 10/10
  1422 | D        | Bought an amulet of regeneration for 390 gold pieces
  1422 | D        | Bought the ring "Vups" {rF+ rCorr} for 488 gold pieces
  1545 | D        | Noticed a flayed ghost
  1559 | D        | Killed a flayed ghost
  1684 | D        | Noticed a boulder beetle
  1691 | D        | Reached skill level 15 in Fighting
  1718 | D        | Killed a boulder beetle
  1724 | D        | Noticed an emperor scorpion
  1742 | D        | Killed an emperor scorpion
  1745 | D        | Got the +1 pair of boots of Disguise {+Blink Will- Dex+4}
  1882 | D        | Noticed an orc sorcerer
  1882 | D        | Noticed a sea snake
  1895 | D        | Killed a sea snake
  1896 | D        | Reached skill level 15 in Maces & Flails
  1901 | D        | Reached XP level 11. HP: 70/84 MP: 11/11
  1902 | D        | Noticed a soul eater
  1913 | D        | Killed an orc sorcerer
  1950 | D        | Noticed Sigmund
  1950 | D        | Noticed a phantasmal warrior
  1950 | D        | Noticed a lindwurm
  1987 | D        | Killed a phantasmal warrior
  2005 | D        | Killed Sigmund
  2225 | D        | Bought a twisted great mace for 391 gold pieces
  2225 | D        | Identified the +8 great mace "Nulion" {speed, rC+} (You
                  | bought it in a shop in the Dungeon)
  2230 | D        | Noticed an orc sorcerer
  2239 | D        | Killed an orc sorcerer
  2258 | D        | Killed a lindwurm
  2259 | D        | Reached skill level 10 in Dodging
  2403 | D        | Noticed a cyclops
  2408 | D        | Killed a cyclops
  2426 | D        | Noticed a merfolk javelineer
  2454 | D        | Killed a merfolk javelineer
  2544 | D        | Noticed a wizard
  2550 | D        | Killed a wizard
  2568 | D        | Noticed a sphinx
  2570 | D        | Noticed a deep elf pyromancer
  2576 | D        | Killed a sphinx
  2580 | D        | Killed a deep elf pyromancer
  2581 | D        | Reached XP level 12. HP: 65/94 MP: 12/12
  2618 | D        | Noticed a minotaur
  2631 | D        | Killed a minotaur
  2777 | D        | Learned a level 3 spell: Frozen Ramparts
  2810 | D        | Noticed a merfolk avatar
  2810 | D        | Noticed a deep elf demonologist
  2810 | D        | Noticed a hell hog
  2810 | D        | Noticed a hell hog
  2820 | D        | Killed a hell hog
  2821 | D        | Reached skill level 1 in Spellcasting
  2821 | D        | Reached skill level 1 in Ice Magic
  2826 | D        | Killed a hell hog
  2842 | D        | Killed a deep elf demonologist
  2851 | D        | Noticed a death knight
  2857 | D        | Killed a death knight
  2862 | D        | Noticed a death yak
  2868 | D        | Killed a death yak
  2875 | D        | Killed a merfolk avatar
  2876 | D        | Noticed a death yak
  2899 | D        | Killed a death yak
  2899 | D        | Noticed a death yak
  2900 | D        | Reached XP level 13. HP: 72/103 MP: 18/18
  2933 | D        | Reached skill level 15 in Armour
  2940 | D        | Reached skill level 5 in Ice Magic
  3014 | D        | Reached skill level 5 in Spellcasting
  3237 | D        | Noticed an orc warlord
  3237 | D        | Noticed an orc warlord
  3263 | D        | Reached skill level 1 in Ranged Weapons
  3286 | D        | Killed an orc warlord
  3374 | D        | Bought a pair of glowing boots for 217 gold pieces
  3374 | D        | Bought a smoking chain mail for 275 gold pieces
  3374 | D        | Identified the +0 chain mail "Xeplesha" {+Inv rPois Int-5
                  | Stlth+} (You bought it in a shop in the Dungeon)
  3419 | D        | Bought the +7 lajatang of Order {silver, rMut} for 2128
                  | gold pieces
  3419 | D        | Found the +7 lajatang of Order {silver, rMut}
  3465 | D        | Killed an orc warlord
  3531 | D        | Reached skill level 1 in Evocations
  3577 | D        | Noticed a deep elf death mage
  3579 | D        | Noticed a tentacled monstrosity
  3625 | D        | Killed a tentacled monstrosity
  3630 | D        | Killed a deep elf death mage
  3667 | D        | Gained mutation: Your large and strong wings let you fly.
                  | [Gargoyle growth]
  3667 | D        | Reached XP level 14. HP: 31/112 MP: 24/24
  3761 | D        | Reached skill level 5 in Ranged Weapons
  4180 | D        | Noticed a deep elf sorcerer
  4182 | D        | Noticed a Hell Sentinel
  4190 | D        | Killed a deep elf sorcerer
  4211 | D        | Killed a Hell Sentinel
  4211 | D        | Noticed a deep elf sorcerer
  4212 | D        | Reached skill level 5 in Evocations
  4227 | D        | Killed a deep elf sorcerer
  4320 | D        | Noticed a nagaraja
  4330 | D        | Noticed a nagaraja
  4331 | D        | Noticed a deep elf annihilator
  4339 | D        | Killed a nagaraja
  4340 | D        | Noticed a deep elf sorcerer
  4342 | D        | Noticed a deep elf sorcerer
  4369 | D        | Upgraded the game from 0.30-a0-341-g682706514a to
                  | 0.30-a0-347-gf58ed5266c
  4376 | D        | Killed a deep elf sorcerer
  4387 | D        | Killed a nagaraja
  4395 | D        | Killed a deep elf annihilator
  4448 | D        | Killed a deep elf sorcerer
  4577 | D        | Noticed a deep elf blademaster
  4608 | D        | Killed a deep elf blademaster
  4663 | D        | Got the Teachings on the Dimensional Mausoleum
  4688 | D        | Got Xuomm's Vellum of the Glacial Pyre
  4690 | D        | Got the Tome of the Birds
  4695 | D        | Got the Vademecum on Hurtful Blight
  4697 | D        | Got the Vellum of the Coals
  4731 | D        | Got the ring of Niguidut {rC+ SInv}
  4733 | D        | Got the ring "Enguw" {+Blink rPois rF+ rC+ Str-5}
  4737 | D        | Got the ring "Bigg" {rPois Will+ Int+6 SInv}
  4739 | D        | Got the ring of Fedhas's Condemnation {rC+ rN+ Will+ Dex+4}
  4742 | D        | Got the ring "Takyuvic" {Wiz Int+2}
  4744 | D        | Got the ring "Coighaf" {Wiz rC+ Slay+6}
  4747 | D        | Got the ring "Oshrat" {rC+ Dex+3}
  4749 | D        | Got the ring "Kawuly" {rPois Int+6 Slay+2 Stlth-}
  4751 | D        | Got the ring "Enoi" {rN+ SInv}
  4753 | D        | Got the ring of the Tempest {*Slow rC++ Will+++ EV+6 Dex-3}
  4755 | D        | Got the ring of Xom's Whimsicality {rC+ rCorr Str+3 Dex+6}
  4758 | D        | Got the ring "Arunk" {rElec rF+ rC- rN++ SInv}
  4760 | D        | Got the ring "Muiliext" {rF+ Str+6 Int+4}
  4790 | D        | Got the ring "Egacwiett" {rC+ SInv}
  4792 | D        | Got the amulet "Zuamyrus" {RegenMP Rampage +Inv Will++
                  | Int-3}
  4794 | D        | Got the ring "Otafryd" {Fire rElec Will+++ Str+8 Dex-5}
  4796 | D        | Got the amulet "Oteuma" {RegenMP Harm +Inv Will-}
  4799 | D        | Got the amulet "Ulemodwo" {Faith Str+3 Int+2 Dex-2 Stlth+}
  4801 | D        | Got the ring of Oenomania {Will++ Int+6}
  4803 | D        | Got the amulet of Centab {Harm rPois Regen+ Dex-2}
  4805 | D        | Got the amulet "Sumioqirgh" {RegenMP Harm rElec rF- Int+8}
  4807 | D        | Got the amulet of the Firefly {Reflect Dex+6 SH+5}
  4809 | D        | Got the ring "Oxzynoza" {rPois Will+ Int+6 Dex+2 Slay+2}
  4812 | D        | Got the amulet "Cawkiehu" {Faith rElec rF+ Str+4 Dex+4}
  4814 | D        | Got the ring "Gaeq" {rPois rF+ MP+9 Slay+5}
  4816 | D        | Got the ring of Suspicion {Int+6 SInv}
  4818 | D        | Got the amulet "Xymil" {Spirit rCorr}
  4897 | D        | Noticed a storm dragon
  4903 | D        | Killed a storm dragon
  4922 | D        | Noticed a profane servitor
  4927 | D        | Killed a profane servitor
  4928 | D        | Reached XP level 15. HP: 118/120 MP: 26/26
  4935 | D        | Learned a level 4 spell: Manifold Assault
  4944 | D        | Learned a level 8 spell: Ignition
  4947 | D        | Noticed a Hell Sentinel
  4957 | D        | Killed a Hell Sentinel
  4958 | D        | Reached skill level 1 in Translocations
  4958 | D        | Reached skill level 1 in Fire Magic
  5001 | D        | Noticed a Hell Sentinel
  5011 | D        | Killed a Hell Sentinel
  5045 | D        | Noticed a ghost moth
  5050 | D        | Killed a ghost moth
  5193 | D        | Bought a glowing cloak for 232 gold pieces
  5193 | D        | Bought a dazzling helmet for 294 gold pieces
  5193 | D        | Identified the +5 helmet of the Game Afoot {*Slow rElec
                  | Regen+ Int+3} (You bought it in a shop in the Dungeon)
  5193 | D        | Bought a steaming helmet for 294 gold pieces
  5193 | D        | Identified the +0 helmet of Entitlement {Dex+7} (You bought
                  | it in a shop in the Dungeon)
  5193 | D        | Bought the +2 shield of Resistance {rF++ rC++ Will++} for
                  | 2185 gold pieces
  5193 | D        | Found the +2 shield of Resistance {rF++ rC++ Will++}
  5212 | D        | Bought a pair of runed boots for 232 gold pieces
  5215 | D        | Bought a potion of brilliance for 60 gold pieces
  5215 | D        | Bought a potion of curing for 45 gold pieces
  5215 | D        | Bought a potion of magic for 120 gold pieces
  5215 | D        | Bought a potion of might for 60 gold pieces
  5226 | D        | Noticed an orc warlord
  5227 | D        | Noticed a fire giant
  5234 | D        | Reached skill level 15 in Dodging
  5240 | D        | Killed a fire giant
  5252 | D        | Killed a ghost moth
  5267 | D        | Killed an orc warlord
  5275 | D        | Noticed a shadow dragon
  5275 | D        | Noticed a balrug
  5276 | D        | Noticed a storm dragon
  5278 | D        | Noticed a nagaraja
  5278 | D        | Noticed a frost giant
  5282 | D        | Paralysed by an air elemental for 1 turns
  5286 | D        | Reached skill level 5 in Fire Magic
  5293 | D        | Killed a shadow dragon
  5294 | D        | Reached skill level 10 in Evocations
  5301 | D        | Killed a storm dragon
  5302 | D        | Reached skill level 5 in Translocations
  5350 | D        | Killed a balrug
  5369 | D        | Killed a nagaraja
  5374 | D        | Killed a frost giant
  5526 | D        | Noticed a fire giant
  5528 | D        | Noticed a deep elf master archer
  5535 | D        | Killed a fire giant
  5536 | D        | Reached skill level 10 in Spellcasting
  5556 | D        | Killed a deep elf master archer
  5576 | D        | Noticed a storm dragon
  5576 | D        | Noticed a fire giant
  5583 | D        | Killed a fire giant
  5589 | D        | Noticed a shadow dragon
  5602 | D        | Killed a storm dragon
  5603 | D        | Reached XP level 16. HP: 111/128 MP: 30/30
  5608 | D        | Killed a shadow dragon
  5806 | D        | Noticed a titan
  5806 | D        | Found the +3 greatsling "Punk" {acid, rCorr}
  5833 | D        | Reached skill level 10 in Fire Magic
  5834 | D        | Killed a titan
  5875 | D        | Reached skill level 10 in Translocations
  5964 | D        | Got a silver rune of Zot
  6023 | D        | Bought a pair of runed boots for 247 gold pieces
  6023 | D        | Bought a heavily runed plate armour for 924 gold pieces
  6023 | D        | Identified the +9 plate armour of the Spider Nest {Int+2
                  | Dex+4} (You bought it in a shop in the Dungeon)
  6023 | D        | Bought a warped cloak for 313 gold pieces
  6023 | D        | Identified the +0 cloak of Disappointment {+Inv} (You
                  | bought it in a shop in the Dungeon)
  6049 | D        | Bought a book of the Dragon for 690 gold pieces
  6049 | D        | Bought Qaod's Textbook on the Pestilent Blaze for 660 gold
                  | pieces
  6049 | D        | Bought the Quarto of Execration for 540 gold pieces
  6049 | D        | Bought a There-And-Back Book for 450 gold pieces
  6049 | D        | Bought a book of the Earth for 540 gold pieces
  6049 | D        | Bought a manual of Translocations for 1200 gold pieces
  6057 | D        | Learned a level 7 spell: Dragon Form
  6060 | D        | Bought a shimmering lajatang for 800 gold pieces
  6060 | D        | Identified the +4 lajatang of Urgency {elec, *Rage rElec
                  | Stlth+} (You bought it in a shop in the Dungeon)
  6170 | D        | Noticed a curse toe
  6170 | D        | Noticed Xoog the pandemonium lord
  6170 | D        | Noticed a deep elf blademaster
  6170 | D        | Noticed a deep elf master archer
  6186 | D        | Killed Xoog the pandemonium lord
  6187 | D        | Reached skill level 1 in Transmutations
  6201 | D        | Killed a deep elf blademaster
  6206 | D        | Killed a curse toe
  6212 | D        | Killed a deep elf master archer
  6213 | D        | Reached XP level 17. HP: 99/136 MP: 34/34
  6249 | D        | Noticed a Tzitzimitl
  6253 | D        | Killed a Tzitzimitl
  6383 | D        | Noticed a deep elf master archer
  6387 | D        | Killed a deep elf master archer
  6390 | D        | Noticed a royal mummy
  6403 | D        | Killed a royal mummy
  6468 | D        | Noticed Jory
  6481 | D        | Killed Jory
  6518 | D        | Noticed a golden dragon
  6518 | D        | Noticed a quicksilver dragon
  6518 | D        | Noticed a golden dragon
  6519 | D        | Noticed a quicksilver dragon
  6519 | D        | Noticed a quicksilver dragon
  6519 | D        | Noticed a quicksilver dragon
  6521 | D        | Noticed a golden dragon
  6522 | D        | Noticed a golden dragon
  6553 | D        | Killed a quicksilver dragon
  6557 | D        | Reached skill level 5 in Transmutations
  6571 | D        | Killed a golden dragon
  6577 | D        | Killed a quicksilver dragon
  6578 | D        | Noticed a golden dragon
  6597 | D        | Killed a quicksilver dragon
  6610 | D        | Killed a golden dragon
  6622 | D        | Killed a quicksilver dragon
  6637 | D        | Reached skill level 15 in Evocations
  6691 | D        | Noticed a golden dragon
  6703 | D        | Noticed a golden dragon
  6706 | D        | Killed a golden dragon
  6729 | D        | Reached skill level 15 in Translocations
  6729 | D        | Noticed a golden dragon
  6734 | D        | Reached skill level 27 in Fighting
  6741 | D        | Killed a golden dragon
  6747 | D        | Killed a golden dragon
  6748 | D        | Reached skill level 15 in Spellcasting
  6786 | D        | Noticed a golden dragon
  6793 | D        | Killed a golden dragon
  6798 | D        | Reached XP level 18. HP: 104/145 MP: 37/37
  6872 | D        | Noticed a quicksilver dragon
  6888 | D        | Killed a quicksilver dragon
  6901 | D        | Reached skill level 15 in Fire Magic
  6927 | D        | Noticed a golden dragon
  6927 | D        | Noticed a quicksilver dragon
  6947 | D        | Killed a golden dragon
  6964 | D        | Killed a golden dragon
  6967 | D        | Killed a quicksilver dragon
  6977 | D        | Reached skill level 10 in Transmutations
  6987 | D        | Killed a golden dragon
  7000 | D        | Killed a golden dragon
  7158 | D        | Bought an iridescent morningstar for 342 gold pieces
  7158 | D        | Identified the +4 morningstar "Joxiwkud" {flame, Int+4}
                  | (You bought it in a shop in the Dungeon)
  7162 | D        | Bought a potion of curing for 63 gold pieces
  7162 | D        | Bought a potion of curing for 63 gold pieces
  7162 | D        | Bought a potion of heal wounds for 105 gold pieces
  7162 | D        | Bought a potion of mutation for 168 gold pieces
  7163 | D        | Bought a scroll of poison for 48 gold pieces
  7163 | D        | Bought a potion of magic for 96 gold pieces
  7163 | D        | Bought a wand of light (3) for 151 gold pieces
  7181 | D        | Got a golden rune of Zot
  7194 | D        | Got Fevaitez's Vellum of Production and Toxicity
  7216 | D        | Got the ring "Cocayxeant" {*Corrode rC+ Str+4 Int+3 Dex+4}
  7250 | D        | Got the Compilation of Metal and the Oath
  7269 | D        | Got Sif Muna's Quarto of Wicked Secrets and the Squall
  7458 | D        | Noticed a Brimstone Fiend
  7467 | D        | Killed a Brimstone Fiend
  7472 | D        | Noticed a pearl dragon
  7476 | D        | Killed a pearl dragon
  7515 | D        | Noticed Dissolution
  7525 | D        | Killed Dissolution
  7617 | D        | Noticed an orb of fire
  7619 | D        | Gained mutation: You occasionally lose the ability to read
                  | scrolls when taking damage. [an orb of fire]
  7631 | D        | Killed an orb of fire
  7658 | D        | Noticed a quicksilver dragon
  7661 | D        | Killed a quicksilver dragon
  7767 | D        | Noticed a lich
  7771 | D        | Killed a lich
  7776 | D        | Noticed a deep elf blademaster
  7782 | D        | Killed a deep elf blademaster
  7783 | D        | Reached skill level 27 in Maces & Flails
  7783 | D        | Reached XP level 19. HP: 151/151 MP: 40/40
  7786 | D        | Noticed a Hell Sentinel
  7798 | D        | Killed a Hell Sentinel
  7806 | D        | Got the ring of the Swan {Contam rF- Will+ Str+5 Int+9}
  7810 | D        | Got the ring of the Feral Guava {Will+ Str+6}
  7815 | D        | Got the ring of Qoumul {rCorr Str+2}
  7818 | D        | Noticed a royal mummy
  7826 | D        | Killed a royal mummy
  7837 | D        | Got the ring of Accord {Will+ rCorr Int+6}
  7897 | D        | Noticed a curse toe
  7897 | D        | Noticed the 27-headed Lernaean hydra
  7901 | D        | Killed the 27-headed Lernaean hydra
  7906 | D        | Killed a curse toe
  7952 | D        | Noticed a pearl dragon
  7962 | D        | Killed a pearl dragon
  7975 | D        | Noticed an Ice Fiend
  7975 | D        | Noticed a golden dragon
  7982 | D        | Killed an Ice Fiend
  7986 | D        | Killed a golden dragon
  8038 | D        | Noticed a Hell Sentinel
  8047 | D        | Killed a Hell Sentinel
  8051 | D        | Noticed a Hell Sentinel
  8059 | D        | Killed a Hell Sentinel
  8239 | D        | Noticed Voics the pandemonium lord
  8248 | D        | Killed Voics the pandemonium lord
  8257 | D        | Noticed an ancient lich
  8264 | D        | Noticed Xanuubb the pandemonium lord
  8266 | D        | Killed an ancient lich
  8278 | D        | Gained mutation: Your magical capacity is low. (-10% MP) [a
                  | cacodemon]
  8280 | D        | Killed Xanuubb the pandemonium lord
  8285 | D        | Gained mutation: Armour fits poorly on your strangely
                  | shaped body. [a cacodemon]
  8407 | D        | Noticed a royal mummy
  8414 | D        | Killed a royal mummy
  8440 | D        | Noticed Mnoleg
  8440 | D        | Noticed Frederick
  8451 | D        | Killed Frederick
  8467 | D        | a quicksilver dragon changed into a caustic shrike
  8467 | D        | Noticed a caustic shrike
  8475 | D        | Killed Mnoleg
  8476 | D        | Reached skill level 27 in Armour
  8481 | D        | Killed a caustic shrike
  8507 | D        | Noticed a Tzitzimitl
  8515 | D        | Killed a Tzitzimitl
  8678 | D        | Got the amulet of Caymust {Reflect Dex+2 SH+5}
  8680 | D        | Got the ring "Qoosuerph" {rPois rC+ rN+ EV+4 Dex-4}
  8685 | D        | Got the +7 great mace of Woe {vorpal, rC+ Str+2 Stlth+}
  8689 | D        | Got an iron rune of Zot
  8694 | D        | Got the ring "Zustaec" {rCorr Str+6}
  8696 | D        | Got the ring "Busaunlo" {rN+ Int+6}
  8700 | D        | Got the +7 lajatang "Vuyb" {speed, rPois Str+3}
  8704 | D        | Got the ring of Ohiyf {Drain Fly rElec rC+ rN+}
  8706 | D        | Got the amulet "Sooth" {Spirit MP+9 Slay+5}
  8748 | D        | Got the ring "Fuduoxon" {rCorr Str-5 Dex-5 SInv Stlth+}
  8777 | D        | Got the ring of Qoijev {Will+ rCorr Slay+2 Stlth+}
  8784 | D        | Got the ring "Koexusk" {Will- MP+9 Str+3 Int-4 Dex+9}
  8787 | D        | Got the amulet of Toenaova {Faith Dex+3}
  8930 | D        | Reached skill level 15 in Transmutations
  9047 | D        | Noticed a tentacled monstrosity
  9069 | D        | Noticed a curse toe
  9088 | D        | Killed a tentacled monstrosity
  9089 | D        | Reached skill level 1 in Staves
  9089 | D        | Reached skill level 1 in Unarmed Combat
  9097 | D        | Killed a curse toe
  9225 | D        | Noticed Margery
  9241 | D        | Killed Margery
  9242 | D        | Reached skill level 5 in Unarmed Combat
  9242 | D        | Noticed a tentacled monstrosity
  9261 | D        | Killed a tentacled monstrosity
  9271 | D        | Noticed an Ice Fiend
  9274 | D        | Reached XP level 20. HP: 111/157 MP: 40/40
  9274 | D        | Noticed a golden dragon
  9280 | D        | Reached skill level 5 in Staves
  9291 | D        | Killed a golden dragon
  9298 | D        | Noticed a bone dragon
  9305 | D        | Found the +4 staff of Dispater
  9305 | D        | Noticed Dispater
  9313 | D        | Reached skill level 10 in Unarmed Combat
  9316 | D        | Killed a bone dragon
  9341 | D        | Killed Dispater
  9559 | D        | Noticed a golden dragon
  9563 | D        | Noticed Xtahua
  9565 | D        | Killed a golden dragon
  9614 | D        | Killed Xtahua
  9858 | D        | Got the ring "Kuloneu" {rPois rCorr Int+6 Dex-2}
  9860 | D        | Got the ring "Xuenn" {rElec EV+4 Str+3 Int-5 Stlth+}
  9862 | D        | Got the amulet of the Sky {RegenMP rN+ Str-5 Stlth+}
  9864 | D        | Got the amulet of the Empire {RegenMP rPois Regen+ Dex+3}
  9866 | D        | Got the ring of Juseh {rPois rF+ Int+6}
  9868 | D        | Got the ring of Xextiur {rC- Will++ Str+4 Int+6}
  9870 | D        | Got the ring of the Everdark {rElec Will+ Int+4}
  9872 | D        | Got the ring of Darkness {rN+ Dex+5}
 10027 | D        | Lost mutation: Your magical capacity is low. (-10% MP)
                  | [potion of mutation]
 10027 | D        | Lost mutation: Armour fits poorly on your strangely shaped
                  | body. [potion of mutation]
 10027 | D        | Gained mutation: You are strong-willed. (Will+) [potion of
                  | mutation]
 10027 | D        | Gained mutation: Your body sometimes deteriorates upon
                  | taking damage. [potion of mutation]
 10028 | D        | Lost mutation: You occasionally lose the ability to read
                  | scrolls when taking damage. [potion of mutation]
 10028 | D        | Lost mutation: Your body sometimes deteriorates upon taking
                  | damage. [potion of mutation]
 10028 | D        | Lost mutation: You are strong-willed. (Will+) [potion of
                  | mutation]
 10028 | D        | Gained mutation: You are partially covered in iridescent
                  | scales. (AC +2) [potion of mutation]
 10028 | D        | Gained mutation: You are vulnerable to heat. (rF-) [potion
                  | of mutation]
 10028 | D        | Gained mutation: Armour fits poorly on your strangely
                  | shaped body. [potion of mutation]
 10028 | D        | Gained mutation: You have hidden genetic potential. [potion
                  | of mutation]
 10029 | D        | Lost mutation: You are vulnerable to heat. (rF-) [potion of
                  | mutation]
 10029 | D        | Lost mutation: Armour fits poorly on your strangely shaped
                  | body. [potion of mutation]
 10029 | D        | Gained mutation: Potions are less effective at restoring
                  | your health. [potion of mutation]
 10029 | D        | Gained mutation: You sometimes lose your temper in combat.
                  | [potion of mutation]
 10029 | D        | Gained mutation: Your movements are slightly less
                  | encumbered by armour. (ER -2) [potion of mutation]
 10029 | D        | Gained mutation: You are agile. (Dex +4, Str/Int -1)
                  | [potion of mutation]
 10030 | D        | Lost mutation: Potions are less effective at restoring your
                  | health. [potion of mutation]
 10030 | D        | Lost mutation: Your movements are slightly less encumbered
                  | by armour. (ER -2) [potion of mutation]
 10030 | D        | Lost mutation: You have hidden genetic potential. [potion
                  | of mutation]
 10030 | D        | Lost mutation: You are agile. (Dex +4, Str/Int -1) [potion
                  | of mutation]
 10030 | D        | Gained mutation: You have an uncontrollable temper. [potion
                  | of mutation]
 10030 | D        | Gained mutation: You are agile. (Dex +4, Str/Int -1)
                  | [potion of mutation]
 10036 | D        | Bought a potion of cancellation for 152 gold pieces
 10036 | D        | Bought a potion of curing for 57 gold pieces
 10036 | D        | Bought a potion of invisibility for 152 gold pieces
 10044 | D        | Paralysed by a sphinx for 2 turns
 10050 | D        | Reached skill level 10 in Staves
 10209 | D        | Bought a wand of light (4) for 302 gold pieces
 10211 | D        | Noticed a Killer Klown
 10213 | D        | Noticed a golden dragon
 10213 | D        | Noticed a Tzitzimitl
 10226 | D        | Killed a golden dragon
 10232 | D        | Killed a Killer Klown
 10244 | D        | Killed a Tzitzimitl
 10621 | D        | Noticed Mennas
 10621 | D        | Noticed Lom Lobon
 10633 | D        | Killed Mennas
 10635 | D        | Noticed Louise
 10639 | D        | Killed Louise
 10655 | D        | Killed Lom Lobon
 10656 | D        | Reached skill level 15 in Unarmed Combat
 10862 | D        | Bought a wand of light (7) for 470 gold pieces
 10862 | D        | Bought a potion of might for 64 gold pieces
 10862 | D        | Bought a wand of roots (7) for 268 gold pieces
 11019 | D        | Noticed Ignacio
 11023 | D        | Noticed a pearl dragon
 11028 | D        | Reached XP level 21. HP: 163/163 MP: 47/47
 11047 | D        | Killed Ignacio
 11168 | D        | Noticed an orb of fire
 11176 | D        | Killed an orb of fire
 11341 | D        | Noticed a golden dragon
 11346 | D        | Killed a golden dragon
 11416 | D        | Killed a pearl dragon
 11594 | D        | Noticed a golden dragon
 11623 | D        | Killed a golden dragon
 11931 | D        | Found the +4 dragonskin cloak
 11931 | D        | Noticed Tiamat
 11959 | D        | Noticed Tuutty the pandemonium lord
 11965 | D        | Killed Tiamat
 11966 | D        | Reached skill level 15 in Staves
 11994 | D        | Killed Tuutty the pandemonium lord
 12404 | D        | Noticed Uxkech the pandemonium lord
 12425 | D        | Killed Uxkech the pandemonium lord
 12704 | D        | Got the Orb of Zot
 12843 | D        | Escaped with the Orb!

Illustrated notes

Levels and vault maps discovered:
D:        pitsprint [storerooms_1, entrance_room_1, metal_vault_1, armoury_3,
          mini_pit_1, grid_room_1, main_hall_1, silver_pit, the_coven_1,
          the_vestibule_1, steel_vault_4, golden_pit, hallway_of_sentries,
          crystal_vault_4, iron_vault_1, final_vault]

Skill      XL: |  1  2  3  4  5  6  7  8  9 10 11 12 13 14 15 16 17 18 19 20 21 |
---------------+----------------------------------------------------------------+-----
Fighting       | 3 6 8 9 11 12 14 16 18 20 22 23 24 26 27 | 27.0
Armour         | 1 3 5 6 7 8 10 11 13 14 16 18 20 21 23 25 27 | 27.0
Maces & Flails | 6 7 9 10 11 13 15 17 19 20 21 22 24 25 27 | 27.0
Dodging        | 3 4 5 6 7 8 9 10 11 12 14 15 17 18 20 22 24 25 | 25.6
Spellcasting   | 3 7 10 13 15 17 20 22 24 | 24.6
Ice Magic      | 4 7 8 |  8.2
Ranged Weapons | 4 9 |  9.9
Evocations     | 3 8 11 13 15 18 20 22 24 | 24.9
Translocations | 7 11 16 18 21 23 25 | 25.1
Fire Magic     | 7 11 14 17 20 23 25 | 25.6
Transmutations | 3 8 12 15 18 20 | 20.4
Staves         | 4 12 17 | 17.3
Unarmed Combat | 7 15 19 | 19.1
Throwing       | |  1.7

Action                   |  1- 3 |  4- 6 |  7- 9 | 10-12 | 13-15 | 16-18 | 19-21 || total
-------------------------+-------+-------+-------+-------+-------+-------+-------++-------
Melee: Flail             |    16 |    75 |    37 |       |       |       |       ||   128
       Punch             |       |     2 |     5 |     3 |       |       |       ||    10
       Morningstar       |       |       |    85 |   159 |       |       |       ||   244
       Great mace        |       |       |       |   177 |   659 |   628 |   675 ||  2139
       Lajatang          |       |       |       |       |       |       |   154 ||   154
 Fire: Arbalest          |       |       |       |       |     2 |       |       ||     2
 Cast: Frozen Ramparts   |       |       |       |       |     3 |       |       ||     3
       Dragon Form       |       |       |       |       |       |       |     1 ||     1
Invok: Potion Petition   |       |       |     1 |     2 |     4 |     2 |     1 ||    10
       Call Merchant     |       |       |       |     3 |     3 |     9 |     5 ||    20
 Abil: End Transformatio |       |       |       |       |       |       |     1 ||     1
Evoke: Condenser vane    |       |       |       |       |       |     3 |     2 ||     5
  Use: Potion            |       |       |     2 |     4 |    10 |     3 |    19 ||    38
       Scroll            |       |       |       |       |     8 |     2 |     7 ||    17
 Stab: Distracted        |       |       |     2 |     2 |     5 |     6 |    11 ||    26
       Confused          |       |       |       |     1 |       |       |       ||     1
       Invisible         |       |       |       |     2 |     8 |       |       ||    10
       Petrified         |       |       |       |       |     4 |       |       ||     4
Armor: Leather armour    |     3 |     8 |       |       |       |       |       ||    11
       Chain mail        |       |    34 |    79 |   152 |    55 |       |       ||   320
       Gold dragon scale |       |       |       |       |   196 |   356 |   541 ||  1093
Dodge: Dodged            |     4 |    38 |    79 |   164 |   147 |   199 |   315 ||   946

Table legend: (Time is in decaauts) A = Elapsed time spent in this place. B = Non-inter-level travel time spent in this place. C = Inter-level travel time spent in this place. D = Time resting spent in this place. E = Time spent auto-exploring this place. F = Levels seen in this place. G = Mean time per level. A B C D E F G +--------+--------+--------+--------+--------+-----+--------+ Total | 11721 | 11394 | 327 | 5325 | 0 | 1 | 11721.0 | Dungeon | 11721 | 11394 | 327 | 5325 | 0 | 1 | 11721.0 | +--------+--------+--------+--------+--------+-----+--------+

Top non-repeatable levels by time:
       D: 11721 daAuts
